 Dungeon Crawl Stone Soup version 0.22-a0-406-g9ff8d77 (webtiles) character file.

40 iamserjio the Grave Robber (level 3, -3/26 HPs)
             Began as a Ghoul Necromancer on May 8, 2018.
             Slain by an orc wizard
             ... wielding a +0 dagger
              (4 damage)
             ... on level 3 of the Dungeon.
             The game lasted 00:04:51 (2294 turns).

iamserjio the Grave Robber (Ghoul Necromancer)      Turns: 2294, Time: 00:04:52

Health: -3/26      AC:  3    Str: 12    XL:     3   Next: 50%
Magic:  0/5        EV: 12    Int: 10    God:
Gold:   108        SH:  0    Dex:  9    Spells: 5/6 levels left

rFire    . . .     SeeInvis .     - Unarmed
rCold    + . .     Gourm    .   (no shield)
rNeg     + + +     Faith    .   a - +0 robe
rPois    ∞         Spirit   .   (no helmet)
rElec    .         Reflect  .   (no cloak)
rCorr    .         Harm     .   (no gloves)
MR       .....                  b - +0 pair of boots
Stlth    ++........             (no amulet)
HPRegen  0.00/turn              (no ring)
MPRegen  0.09/turn              (no ring)

@: very slightly contaminated, rotting
A: rotting body, claws 1, carnivore, cold resistance 1, negative energy
resistance 3, inhibited regeneration, torment resistance, unbreathing
a: no special abilities


You were on level 3 of the Dungeon.
You were not hungry.

You visited 1 branch of the dungeon, and saw 3 of its levels.

You collected 108 gold pieces.

Inventory:

Armour
 a - a +0 robe (worn)
 b - a +0 pair of boots (worn)
 j - a cursed +0 pair of gloves
 m - a +0 pair of gloves
Jewellery
 h - a +5 ring of strength {unknown}
Scrolls
 d - 3 scrolls of identify {unknown}
 e - a scroll of remove curse {unknown}
 f - 2 scrolls of noise {unknown}
 g - 2 scrolls of teleportation {unknown}
Potions
 i - a potion of curing {unknown}
 l - a potion of berserk rage {unknown}
 n - a potion of agility {unknown}
Comestibles
 c - 6 rations


   Skills:
 - Level 1.7 Dodging
 - Level 2.1 Stealth
 * Level 2.5 Unarmed Combat
 - Level 2.0 Spellcasting
 + Level 4.3 Necromancy


You had 5 spell levels left.
You knew the following spells:

 Your Spells              Type           Power        Failure   Level  Hunger
a - Pain                  Necr           #...         5%          1    ##.....


Dungeon Overview and Level Annotations

Branches:
Dungeon (3/15)

Altars:
Ashenzari
Zin


Innate Abilities, Weirdness & Mutations

Your body is rotting away.
You thrive on raw meat.
You are immune to poison.
You have sharp fingernails.
You are carnivorous and can eat meat at any time.
Your flesh is cold resistant. (rC+)
You are immune to negative energy. (rN+++)
You do not regenerate when monsters are visible.
You are immune to unholy pain and torment.
You can survive without breathing.


Message History

The orc wizard barely misses you. The orc wizard hits you with a dagger.
* * * LOW HITPOINT WARNING * * *
You scratch the orc wizard.
The orc wizard is severely wounded.
The orc wizard closely misses you.
You scratch the orc wizard.
The orc wizard is severely wounded.
The orc wizard hits you with a dagger.
* * * LOW HITPOINT WARNING * * *
The orc wizard completely misses you.
An orc comes into view. It is wielding a war axe.
Okay, then.
Casting: Pain (safe; 5% risk of failure)
Confirm with . or Enter, or press ? or * to list all spells.
Aiming: Pain (safe; 5% risk of failure)
Press: ? - help, Shift-Dir - straight line, f/p - orc wizard
Aim: an orc wizard, wielding a dagger and wearing a robe (severely wounded, fast, chance to defeat MR: 60%)
You miscast Pain.
Strange energies run through your body. The orc wizard hits you with a dagger.
You die...

....# # #.. ...
#.# #.# ...
#.###.###
...####.......#
#o#.........#.# #
#.#...#.......##.#
#.#...#...<#.....#
#o#...######.#####
#.@.)...........#
####..........#.#
############ .. ##


You could see an orc wizard and an orc.

Vanquished Creatures
  A worm (D:2)
  A dart slug (D:2)
  A bat (D:1)
  A giant cockroach (D:1)
  4 goblins
  7 hobgoblins
  4 jackals (D:1)
  4 kobolds
  A frilled lizard (D:1)
  7 rats
31 creatures vanquished.

Notes
Turn   | Place    | Note
-------+----------+-------------------------------------------
     0 | D:1      | iamserjio the Ghoul Necromancer began the quest for the Orb.
     0 | D:1      | Reached XP level 1. HP: 14/14 MP: 2/2
   124 | D:1      | Reached skill level 1 in Unarmed Combat
   147 | D:1      | Reached XP level 2. HP: 20/20 MP: 1/3
   785 | D:1      | Reached XP level 3. HP: 26/26 MP: 3/5
  1122 | D:2      | Found a glowing silver altar of Zin.
  1247 | D:2      | Found a shattered altar of Ashenzari.
  2293 | D:3      | HP: 1/26 [orc wizard/dagger (3)]
  2294 | D:3      | Slain by an orc wizard

Vault maps used:
D:1:      ncdulo_halloftheorcs, minmay_misc_feat_hallway
D:2:      zin_academy, evilmike_ruin_ashenzari

Skill      XL: |  1  2 |
---------------+-------+-----
Unarmed Combat | 1 2 |  2.5
Spellcasting   | 2 |  2.0
Dodging        | |  1.7
Stealth        | |  2.1
Necromancy     | |  4.3

Action                   || total
-------------------------++-------
Melee: Unarmed           ||    71
 Cast: Pain              ||    56
  Eat: Chunk             ||     6
Armor: Robe              ||     9
Dodge: Dodged            ||    46

Table legend:
 A = Spawn XP
 B = Non-spawn XP
 C = Spawn XP percentage of total XP
 D = Spawn monster count
 E = Non-spawn monster count
 F = Spawn count percentage of total count
 G = Total turns spent on level
                    A         B        C        D         E        F      G
               +---------+---------+-------+---------+---------+-------+---------
         Total |       0 |      58 |   0.0 |       0 |      31 |   0.0 |  2294
               +---------+---------+-------+---------+---------+-------+---------
           D:1 |       0 |      37 |   0.0 |       0 |      22 |   0.0 |  1120
           D:2 |       0 |      21 |   0.0 |       0 |       9 |   0.0 |  1143
               +---------+---------+-------+---------+---------+-------+---------
